 Dungeon Crawl Stone Soup version 0.32-a0-560-g4c7f4391e0 (webtiles) character file.

Game seed: 5014227738386407928

8218 ezpacito the Trooper (level 11, -11/82 HPs)
             Began as a Demonspawn Chaos Knight on Feb 29, 2024.
             Was a Plaything of Xom.
             Mangled by hattop's ghost (14 damage)
             ... on level 8 of the Dungeon.
             The game lasted 00:14:12 (8274 turns).

ezpacito the Trooper (Demonspawn Chaos Knight)      Turns: 8274, Time: 00:14:14

Health: -11/82     AC:  8    Str: 23    XL:     11   Next: 7%
Magic:  25/25      EV: 19    Int: 21    God:    Xom [..*...]
Gold:   429        SH:  8    Dex: 19    Spells: 5/19 levels left

rFire   + . .        e - +11 hand axe of Res Ipsa Loquitur {drain, rF+ rN+ MP+9}
rCold   + . .        (no shield)
rNeg    + + .        r - +0 swamp dragon scales
rPois   +            (helmet restricted)
rElec   .            w - scarf {+Inv}
rCorr   .            (gloves unavailable)
SInv    .            (no boots)
Will    +++..        v - amulet of magic regeneration
Stlth   +++          s - ring of positive energy
HPRegen 1.13/turn    f - ring "Keede" {rC+ Will+ Str+5}
MPRegen 0.59/turn

%: no passive effects
@: agile
A: claws 3, powered by pain 1, big brain 2, horns 1, talons 2, large bone plates
3, thin skeletal structure 1, agile 2, clever 2, low MP 1, strong-willed 2,
sense surroundings 2, regeneration 1, screaming 1, strong 1, wild magic 1, noise
suppression
a: Renounce Religion, Evoke Invisibility


You were on level 8 of the Dungeon.
You worshipped Xom.
You were a toy of Xom.
You visited 2 branches of the dungeon, and saw 9 of its levels.

You collected 429 gold pieces.

Inventory:

Hand Weapons
 a - a +0 hand axe of chaos
 e - the +11 hand axe of Res Ipsa Loquitur (weapon) {drain, rF+ rN+ MP+9}
   (You found it on level 6 of the Dungeon)

   rF+:       It protects you from fire.
   rN+:       It protects you from negative energy.
   MP+9:      It affects your magic capacity (+9).
 n - a +0 battleaxe
 q - a +1 demon blade of flaming
 A - a +2 war axe of draining
Armour
 i - a +1 plate armour
 m - a +0 helmet
 o - an orb of energy
 r - +0 swamp dragon scales (worn)
 w - a scarf of invisibility (worn)
Magical Staves
 x - a staff of death
 y - a staff of fire
Jewellery
 f - the ring "Keede" (right claw) {rC+ Will+ Str+5}
   (You acquired it on level 2 of the Dungeon)

   [ring of protection from cold]

   Str+5:     It affects your strength (+5).
   rC+:       It protects you from cold.
   Will+:     It increases your willpower.
 j - a +5 ring of evasion
 s - a ring of positive energy (left claw)
 v - an amulet of magic regeneration (around neck)
Talismans
 l - a flux talisman
Wands
 b - a wand of charming (9)
 p - a wand of flame (9)
Scrolls
 h - 2 scrolls of noise
 u - a scroll of identify
 B - a scroll of teleportation
Potions
 d - a potion of brilliance
 g - 2 potions of cancellation
 k - 5 potions of mutation
 t - 3 potions of lignification
 z - 2 potions of magic
Miscellaneous
 c - a box of beasts


   Skills:
 * Level 6.3 Fighting
 * Level 5.9(6.4) Axes
 + Level 3.3(5.1) Polearms
 * Level 5.3 Armour
 * Level 5.0 Dodging
 + Level 3.8 Stealth
 * Level 4.9 Unarmed Combat
 * Level 4.9 Spellcasting
 + Level 3.1 Conjurations
 + Level 2.7 Hexes
 * Level 5.3 Necromancy
 + Level 3.3 Alchemy
 + Level 3.4 Evocations


You had 5 spell levels left.
You knew the following spells:

 Your Spells              Type           Power      Damage    Failure   Level
a - Mephitic Cloud        Conj/Alch/Air  18%        N/A       28%         3
b - Curse of Agony        Necr           35%        N/A       54%         5
c - Slow                  Hex            84%        N/A       9%          1
d - Vampiric Draining     Necr           35%        2d8       9%          3
e - Necrotise             Necr           100%       1d9       3%          1
f - Sting                 Conj/Alch      96%        1d9       7%          1

Your spell library contained the following spells:

 Spells                   Type           Power      Damage    Failure   Level
 Mercury Vapours          Alch/Air       30%        N/A       19%         2
 Dazzling Flash           Conj/Hex       44%        N/A       21%         3
 Confusing Touch          Hex            21%        N/A       22%         3
 Sigil of Binding         Hex            21%        N/A       22%         3
 Apportation              Tloc           12%        N/A       24%         1
 Summon Small Mammal      Summ           24%        N/A       24%         1
 Lesser Beckoning         Tloc           12%        N/A       34%         2
 Fulminant Prism          Conj/Alch      12%        3d9       47%         4
 Call Canine Familiar     Summ           6%         N/A       54%         3
 Ozocubu's Armour         Ice            6%         N/A       54%         3
 Volatile Blastmotes      Fire/Tloc      12%        2d11      54%         3
 Iskenderun's Mystic Bla  Conj/Tloc      15%        2d5       73%         4
 Dimensional Bullseye     Hex/Tloc       7%         N/A       75%         4
 Vhi's Electric Charge    Tloc/Air       12%        N/A       90%         4
 Metabolic Englaciation   Hex/Ice        7%         N/A       97%         5
 Silence                  Hex/Air        7%         N/A       97%         5
 Freezing Cloud           Conj/Ice/Air   6%         6-21      98%         5
 Sculpt Simulacrum        Ice/Alch       7%         N/A       100%        6


Dungeon Overview and Level Annotations

Branches:
Dungeon (8/15)             Temple (1/1) D:7
   Lair: D:8-11

Altars:
Ashenzari
Cheibriados
Dithmenos
Fedhas
Gozag
Hepliaklqana
Kikubaaqudgha
Makhleb
Nemelex Xobeh
Qazlal
Ru
Sif Muna
Trog
Vehumet
Wu Jian
Xom
Yredelemnul

Shops:
D:2 [

Annotations:
D:6 2 transporters, asd2613's ghost, novice CoHu
D:8 hattop's ghost, journeyman TrFi


Innate Abilities, Weirdness & Mutations

You have claws for hands.
You sometimes gain a little power by taking damage.
You have an extremely huge brain. (Int +4)
You have a pair of small horns on your head.
You have razor-sharp toenails.
You are completely covered in large bone plates. (SH +8)
You have a somewhat thin skeletal structure. (Dex +2, Stealth+)
You are very agile. (Dex +8, Str/Int -2)
Your mind is very acute. (Int +8, Str/Dex -2)
Your magical capacity is low. (-10% MP)
You are highly strong-willed. (Will++)
You passively map the area around you.
Your natural rate of healing is unusually fast.
You occasionally shout uncontrollably at your foes.
Your muscles are strong. (Str +4, Int/Dex -1)
Your spells are a little harder to cast, but a little more powerful.
You passively dampen the noise of your surroundings.


Message History

Hattop's ghost is heavily damaged.
Hattop's ghost hits you.
You hit hattop's ghost but do no damage.
Hattop's ghost is heavily damaged.
You block hattop's ghost's attack.
You completely miss hattop's ghost. You claw hattop's ghost.
Your headbutt misses hattop's ghost.
Hattop's ghost is heavily damaged.
Hattop's ghost hits you!
* * * LOW HITPOINT WARNING * * *
Okay, then.
Okay, then.
Okay, then.
You hit hattop's ghost. You claw hattop's ghost.
Hattop's ghost is severely damaged.
Hattop's ghost hits you!
* * * LOW HITPOINT WARNING * * *
Okay, then.
Okay, then.
You barely miss hattop's ghost.
Hattop's ghost is severely damaged.
You block hattop's ghost's attack.
You slash hattop's ghost!
You claw hattop's ghost, but do no damage.
Your headbutt misses hattop's ghost.
Hattop's ghost is severely damaged.
Hattop's ghost hits you.
* * * LOW HITPOINT WARNING * * *
You hit hattop's ghost.
You headbutt hattop's ghost, but do no damage.
Hattop's ghost is severely damaged.
Hattop's ghost hits you.
* * * LOW HITPOINT WARNING * * *
You hit hattop's ghost but do no damage.
Your kick misses hattop's ghost.
You headbutt hattop's ghost, but do no damage.
Hattop's ghost is severely damaged.
Hattop's ghost hits you!
You die...
Xom laughs nastily!

#.......#....#######.#.#......##
#.##.##.(..(.........#...#..###
#........#.......#######.#..#
##.#.....#.#####.#.......#..#
###.#.....#.# #.#.#######..####
..........#.# ##.#..........#...
##.>##....#.# ##......##.....#...
#..#.....#.###W....[)##.###.#...
#..#.#..[#.....@###.[.#.........
#..#.....#.#...##⌠##[..<...#....
#..###.#.#....##...##...........
#............##.....##..........
##.####[#.....#⌠..♣...'.......#..
........#.....##.....##..###.....
##.####.#......##...##...# #.##.#
#.# #.#.#.#...##⌠##...## #.#...
##.## #..........###...## #.#..#


You could see hattop's ghost.

Vanquished Creatures
  A boulder beetle (D:7)
  A two-headed ogre (D:7)
  An ugly thing (D:7)
  Maggie (D:7)
  A wyvern (D:7)
  Sigmund (D:3)
  8 yaks (D:8)
  Grum (D:8)
  2 water moccasins
  2 sky beasts
  3 orc warriors
  2 ice beasts
  3 black bears
  3 ogres
  3 wolves (D:8)
  2 centaurs
  3 lemures (D:5)
  2 phantoms (D:6)
  4 bullfrogs
  A gnoll sergeant (D:8)
  3 scorpions
  10 wights
  2 howler monkeys (D:7)
  2 hounds
  4 orc priests
  4 jellies
  3 gnoll boudas
  2 sleepcaps
  4 iguanas
  8 orc wizards
  8 gnolls
  10 adders
  3 white imps
  3 ribbon worms
  4 dart slugs
  29 orcs
  3 ball pythons
  8 endoplasms
  3 giant cockroaches
  5 goblins
  7 hobgoblins
  2 jackals (D:4)
  7 kobolds
  5 quokkas
  2 bats
  3 frilled lizards
  8 rats
197 creatures vanquished.

Vanquished Creatures (collateral kills)
  Pikel (D:5)
  2 yaks (D:8)
  A scorpion (D:5)
  3 orcs (D:8)
7 creatures vanquished.

Grand Total: 204 creatures vanquished

Notes
Turn   | Place    | Note
-------+----------+-------------------------------------------
     0 | D:1      | ezpacito the Demonspawn Chaos Knight began the quest for
                  | the Orb.
     0 | D:1      | Reached XP level 1. HP: 18/18 MP: 1/1
   139 | D:1      | Reached skill level 1 in Dodging
   195 | D:1      | Gained mutation: You have sharp fingernails. [demonic
                  | ancestry]
   195 | D:1      | Reached XP level 2. HP: 20/24 MP: 2/2
   673 | D:2      | Reached XP level 3. HP: 19/29 MP: 4/4
   692 | D:2      | Found Ofink's Antique Armour Shop.
   771 | D:2      | XOM: 3-stop teleportation journey
   810 | D:2      | XOM: cloud trail
   878 | D:2      | Reached skill level 1 in Spellcasting
  1089 | D:2      | Identified a scroll of acquirement
  1089 | D:2      | Acquired the ring "Keede" {rC+ Will+ Str+5}
  1156 | D:3      | Noticed Sigmund
  1158 | D:3      | XOM: enchant monster (bad)
  1168 | D:3      | XOM: smoke on damage
  1171 | D:3      | Killed Sigmund
  1172 | D:3      | Reached skill level 1 in Polearms
  1172 | D:3      | Reached skill level 1 in Stealth
  1172 | D:3      | Reached skill level 1 in Unarmed Combat
  1172 | D:3      | Reached XP level 4. HP: 25/35 MP: 4/6
  1172 | D:3      | Reached XP level 5. HP: 29/41 MP: 4/7
  1912 | D:4      | Noticed a black bear
  1921 | D:4      | Killed a black bear
  1922 | D:4      | Gained mutation: You sometimes gain a little power by
                  | taking damage. [demonic ancestry]
  1922 | D:4      | Reached XP level 6. HP: 33/48 MP: 8/8
  1926 | D:4      | XOM: summons 1 hostile demon
  2099 | D:4      | XOM: potion effect (curing)
  2323 | D:4      | Learned a level 3 spell: Mephitic Cloud
  2329 | D:4      | Learned a level 5 spell: Curse of Agony
  2529 | D:5      | Entered Level 5 of the Dungeon
  2567 | D:5      | XOM: 1-stop teleportation journey
  2715 | D:5      | XOM: enchant monster (bad)
  2864 | D:5      | Noticed an ice beast
  2870 | D:5      | Reached skill level 1 in Necromancy
  2874 | D:5      | an ice beast changed into a kobold
  2874 | D:5      | XOM: polymorph ice beast -> kobold
  2938 | D:5      | Noticed Pikel
  2960 | D:5      | Gained mutation: You have hidden genetic potential. [potion
                  | of mutation]
  2960 | D:5      | Gained mutation: You occasionally shout uncontrollably at
                  | your foes. [potion of mutation]
  2960 | D:5      | Gained mutation: You passively dampen the noise of your
                  | surroundings. [potion of mutation]
  2960 | D:5      | XOM: summons 4 friendly demons
  2963 | D:5      | Gained mutation: You have very sharp fingernails. [demonic
                  | ancestry]
  2963 | D:5      | Reached XP level 7. HP: 12/53 MP: 10/10
  2965 | D:5      | Killed Pikel
  2966 | D:5      | Reached skill level 4 in Fighting
  2966 | D:5      | Reached skill level 1 in Conjurations
  2966 | D:5      | Reached skill level 1 in Alchemy
  2966 | D:5      | Reached skill level 1 in Evocations
  2966 | D:5      | Gained mutation: You are strong-willed. (Will+) [hidden
                  | potential]
  3190 | D:5      | Reached XP level 8. HP: 60/60 MP: 11/11
  3222 | D:5      | XOM: polymorph black bear -> black bear
  3226 | D:5      | XOM: give mutation
  3226 | D:5      | Gained mutation: You are robust. (+10% HP) [Xom's grace]
  3417 | D:5      | XOM: scenery: summon butterflies
  3654 | D:6      | XOM: scenery: 1 doors open
  3733 | D:6      | XOM: cloud trail
  3736 | D:6      | Learned a level 1 spell: Slow
  3740 | D:6      | Learned a level 3 spell: Vampiric Draining
  3870 | D:6      | XOM: give mutations
  3870 | D:6      | Gained mutation: You are agile. (Dex +4, Str/Int -1) [Xom's
                  | grace]
  3870 | D:6      | Gained mutation: You have a pair of small horns on your
                  | head. [Xom's grace]
  3870 | D:6      | Gained mutation: You are very agile. (Dex +8, Str/Int -2)
                  | [Xom's grace]
  3914 | D:6      | Noticed asd2613's ghost (novice CoHu)
  3915 | D:6      | Noticed a kobold demonologist
  3922 | D:6      | Found a transporter.
  3944 | D:6      | XOM: give mutation
  3944 | D:6      | Gained mutation: You are partially covered in large bone
                  | plates. (SH +4) [Xom's grace]
  4124 | D:6      | Identified the +11 hand axe of Res Ipsa Loquitur {drain,
                  | rF+ rN+ MP+9}
  4192 | D:6      | XOM: give mutation
  4192 | D:6      | Gained mutation: You have sharp toenails. [Xom's grace]
  4274 | D:6      | Gained mutation: You are highly strong-willed. (Will++)
                  | [hidden potential]
  4274 | D:6      | Lost mutation: You have hidden genetic potential. [hidden
                  | potential expressed]
  4368 | D:6      | XOM: god gift: rapier {god gift}
  4421 | D:6      | XOM: god gift: Xom's Omnibus of Pathos {god gift}
  4422 | D:6      | Got Xom's Omnibus of Pathos {god gift}
  4552 | D:6      | Gained mutation: You have claws for hands. [demonic
                  | ancestry]
  4552 | D:6      | Reached XP level 9. HP: 72/73 MP: 14/14
  4678 | D:6      | Learned a level 1 spell: Necrotise
  4680 | D:6      | Learned a level 1 spell: Sting
  4815 | D:6      | Found a transporter.
  4847 | D:6      | XOM: scenery: create altars
  4989 | D:6      | Found a sacrificial altar of Ru.
  4992 | D:6      | Reached skill level 1 in Hexes
  5034 | D:6      | Found an ancient bone altar of Kikubaaqudgha.
  5077 | D:7      | Noticed Maggie
  5078 | D:7      | XOM: god gift: runed demon blade {god gift}
  5096 | D:6      | Reached skill level 5 in Fighting
  5131 | D:6      | XOM: give mutations
  5131 | D:6      | Lost mutation: You are robust. (+10% HP) [Xom's mischief]
  5131 | D:6      | Gained mutation: Your magical capacity is low. (-10% MP)
                  | [Xom's mischief]
  5361 | D:7      | Killed Maggie
  5368 | D:7      | Found a staircase to the Ecumenical Temple.
  5390 | Temple   | Entered the Ecumenical Temple
  5537 | D:7      | XOM: enchant monster (good)
  5543 | D:7      | Reached skill level 5 in Axes
  5956 | D:7      | Noticed a cyan ugly thing
  5959 | D:7      | Noticed a boulder beetle
  5960 | D:7      | XOM: scenery: summon butterflies
  5965 | D:7      | XOM: summons friendly rust devil
  5981 | D:7      | Gained mutation: You have an unusually large brain. (Int
                  | +2) [demonic ancestry]
  5981 | D:7      | Reached XP level 10. HP: 14/74 MP: 14/14
  6007 | D:7      | Killed a cyan ugly thing
  6214 | D:7      | Noticed a two-headed ogre
  6221 | D:7      | Killed a two-headed ogre
  6495 | D:7      | XOM: god gift: orb of energy
  6607 | D:7      | XOM: give mutations
  6607 | D:7      | Gained mutation: Your mind is acute. (Int +4, Str/Dex -1)
                  | [Xom's grace]
  6607 | D:7      | Gained mutation: You are mostly covered in large bone
                  | plates. (SH +6) [Xom's grace]
  6655 | D:7      | XOM: enchant monster (good)
  6660 | D:7      | XOM: potion effect (curing)
  6673 | D:7      | Killed a boulder beetle
  6771 | D:7      | XOM: give mutations
  6771 | D:7      | Gained mutation: Your muscles are strong. (Str +4, Int/Dex
                  | -1) [Xom's grace]
  6771 | D:7      | Gained mutation: You passively map a small area around you.
                  | [Xom's grace]
  6771 | D:7      | Gained mutation: You are completely covered in large bone
                  | plates. (SH +8) [Xom's grace]
  6771 | D:7      | Gained mutation: Your spells are a little harder to cast,
                  | but a little more powerful. [Xom's grace]
  6777 | D:7      | Found an ornate altar of the Wu Jian Council.
  6855 | D:8      | XOM: cleaving
  6857 | D:8      | XOM: smoke on damage
  6860 | D:8      | Reached skill level 6 in Fighting
  6860 | D:8      | Reached skill level 5 in Armour
  6861 | D:8      | XOM: summons friendly sun demon
  6863 | D:8      | Reached skill level 5 in Necromancy
  7016 | D:8      | XOM: give mutations
  7016 | D:8      | Gained mutation: You have a somewhat thin skeletal
                  | structure. (Dex +2, Stealth+) [Xom's grace]
  7016 | D:8      | Gained mutation: You passively map the area around you.
                  | [Xom's grace]
  7016 | D:8      | Gained mutation: Your mind is very acute. (Int +8, Str/Dex
                  | -2) [Xom's grace]
  7137 | D:8      | Noticed hattop's ghost (journeyman TrFi)
  7192 | D:8      | XOM: god gift: staff of death
  7224 | D:8      | XOM: cloud trail
  7305 | D:8      | XOM: smoke on damage
  7364 | D:8      | Found a runed translucent door.
  7418 | D:8      | XOM: give mutations
  7418 | D:8      | Gained mutation: You have razor-sharp toenails. [Xom's
                  | grace]
  7418 | D:8      | Gained mutation: Your natural rate of healing is unusually
                  | fast. [Xom's grace]
  7519 | D:8      | XOM: divination: detect items
  7524 | D:8      | Noticed Grum
  7534 | D:8      | Killed Grum
  7658 | D:8      | XOM: 1-stop teleportation journey
  7713 | D:8      | XOM: scenery: create altars
  7825 | D:8      | Reached skill level 5 in Dodging
  7825 | D:8      | Gained mutation: You have an extremely huge brain. (Int +4)
                  | [demonic ancestry]
  7825 | D:8      | Reached XP level 11. HP: 74/81 MP: 16/16
  7826 | D:8      | XOM: enchant monster (good)
  8226 | D:8      | XOM: enchant monster (good)
  8227 | D:8      | XOM: enchant monster (good)
  8258 | D:8      | XOM: confuse monster(s)
  8263 | D:8      | XOM: noise
  8270 | D:8      | HP: 4/82 [hattop's ghost (16)]
  8274 | D:8      | Mangled by hattop's ghost

Illustrated notes

Levels and vault maps discovered:
D:1:      heliophobic_arrival_henge, layout_rooms, hangedman_feature_mirror,
          nrook_loot_triangle
D:2:      layout_rooms, serial_shops, shop
D:3:      layout_loops_ring, uniq_sigmund
D:4:      layout_rooms
D:5:      layout_basic, minmay_parallelograms, uniq_pikel
D:6:      minmay_skewed_foursquare, layout_loops_corners,
          mainiacjoe_overflow_swirl, gammafunk_ghost_arena,
          minmay_misc_feat_five
D:7:      nzn_winding_woodlands_medium [nzn_winding_woodlands_5x5_open_star,
          nzn_winding_woodlands_5x15_crooked,
          nzn_winding_woodlands_5x5_checkerboard,
          nzn_winding_woodlands_5x5_closed_star,
          nzn_winding_woodlands_center_diamonds,
          nzn_winding_woodlands_hourglass, nzn_winding_woodlands_5x5_cross,
          nzn_winding_woodlands_5x15_longhouse,
          nzn_winding_woodlands_5x5_perimeter], layout_cave_pools,
          pdpol_wu_jian_five_deadly_venoms, minmay_temple_entry_grid,
          uniq_maggie
D:8:      layout_basic, hellmonk_ghost_happy_afterlife, uniq_grum
Temple:   minmay_temple_bridge_d

Skill      XL: |  1  2  3  4  5  6  7  8  9 10 |
---------------+-------------------------------+-----
Dodging        | 1 2 3 4 5 |  5.0
Armour         | 2 3 4 5 |  5.3
Spellcasting   | 1 2 3 4 |  4.9
Axes           | 3 4 5 |  5.9
Polearms       | 1 2 3 |  3.3
Stealth        | 1 2 3 |  3.8
Unarmed Combat | 1 2 3 4 |  4.9
Necromancy     | 1 2 3 4 5 |  5.3
Fighting       | 4 5 6 |  6.3
Conjurations   | 1 2 3 |  3.1
Alchemy        | 1 2 3 |  3.3
Evocations     | 1 2 3 |  3.4
Hexes          | 1 2 |  2.7

Action                     |  1- 3 |  4- 6 |  7- 9 | 10-12 || total
---------------------------+-------+-------+-------+-------++-------
  Melee: Hand axe          |    90 |   190 |   217 |   155 ||   652
         Headbutt          |       |       |    31 |    35 ||    66
         Kick              |       |       |    32 |    54 ||    86
  Evoke: Wand              |       |       |     1 |     7 ||     8
    Use: Scroll            |     4 |       |    10 |       ||    14
         Potion            |       |     6 |     1 |     1 ||     8
   Stab: Confused          |       |     2 |       |       ||     2
         Paralysed         |       |     1 |       |       ||     1
         Petrified         |       |       |     6 |    11 ||    17
         Petrifying        |       |       |     3 |       ||     3
         Sleeping          |       |       |       |     1 ||     1
 Armour: Leather armour    |    12 |       |       |       ||    12
         Plate armour      |    50 |   273 |   216 |    29 ||   568
         Skin              |       |     2 |     2 |       ||     4
         Swamp dragon scal |       |       |       |    50 ||    50
  Dodge: Dodged            |    26 |    73 |    91 |    46 ||   236
  Block: Other             |       |       |    21 |    37 ||    58

Table legend: (Time is in decaauts)
 A = Elapsed time spent in this place.
 B = Non-inter-level travel time spent in this place.
 C = Inter-level travel time spent in this place.
 D = Time resting spent in this place.
 E = Time spent auto-exploring this place.
 F = Levels seen in this place.
 G = Mean time per level.
                   A        B        C        D        E       F      G
               +--------+--------+--------+--------+--------+-----+--------+
         Total |   8326 |   8055 |    271 |    839 |   5680 |   9 |  925.1 |
       Dungeon |   8179 |   7908 |    271 |    699 |   5680 |   8 | 1022.4 |
        Temple |    147 |    147 |      0 |    140 |      0 |   1 |  147.0 |
               +--------+--------+--------+--------+--------+-----+--------+

Top non-repeatable levels by time:
     D:6: 1751 daAuts
     D:8: 1423 daAuts
     D:7: 1366 daAuts
     D:5: 1082 daAuts
     D:3: 799 daAuts
     D:4: 624 daAuts
     D:2: 622 daAuts
     D:1: 508 daAuts
  Temple: 147 daAuts
